 Dungeon Crawl Stone Soup version 0.27.0-1-g7a089689b8 (webtiles) character file.

Game seed: 5925282793751162647

347 ZARRMARR the Insei (level 6, -14/42 HPs)
             Began as a Draconian Transmuter on Aug 2, 2021.
             Was a Follower of Hepliaklqana.
             Demolished by a two-headed ogre (23 damage)
             ... on level 4 of the Dungeon.
             The game lasted 00:32:14 (5093 turns).

ZARRMARR the Insei (Draconian Transmuter)           Turns: 5093, Time: 00:32:15

Health: -14/42     AC:  6    Str: 12    XL:     6   Next: 33%
Magic:  9/10       EV: 12    Int: 15    God:    Hepliaklqana [*.....]
Gold:   150        SH:  0    Dex: 12    Spells: 6/11 levels left

rFire    . . .     SeeInvis .     - Unarmed
rCold    . . .     Faith    .   (no shield)
rNeg     . . .     Spirit   .   (armour unavailable)
rPois    .         Reflect  .   (helmet currently unavailable)
rElec    .         Harm     .   (no cloak)
rCorr    +         Rampage  .   (no gloves)
Will     .....                  (boots currently unavailable)
Stlth    ++........             (no amulet)
HPRegen  0.14/turn              j - ring of resist corrosion
MPRegen  0.12/turn              (no ring)

@: appendages
A: horns 2, talons 2, reduced essence, AC +6, unfitting armour, cold-blooded
a: End Transformation, Renounce Religion, Recall Ancestor, Ancestor Identity


You were on level 4 of the Dungeon.
You worshipped Hepliaklqana.
Hepliaklqana was aware of your devotion.
You had temporarily grown beastly horns and talons.
You visited 1 branch of the dungeon, and saw 5 of its levels.

You collected 150 gold pieces.

Inventory:

Hand Weapons
 l - a +0 dagger of electrocution
Missiles
 b - 181 stones (quivered)
Jewellery
 f - a ring of fire
 j - a ring of resist corrosion (left hand)
Scrolls
 a - a scroll of enchant weapon {unknown}
 c - a scroll of immolation {unknown}
 e - 3 scrolls of identify {unknown}
 g - a scroll of enchant armour {unknown}
 h - a scroll of brand weapon {unknown}
Potions
 d - a potion of degeneration {unknown}
 i - a potion of ambrosia {unknown}
 m - a potion of invisibility {unknown}
 n - a potion of attraction {unknown}


   Skills:
 + Level 1.4 Fighting
 + Level 2.1 Throwing
 + Level 2.4 Dodging
 + Level 1.1 Stealth
 + Level 4.4 Unarmed Combat
 + Level 3.3 Spellcasting
 + Level 3.4 Transmutations


You had 6 spell levels left.
You knew the following spells:

 Your Spells              Type           Power      Damage    Failure   Level
a - Beastly Appendage     Tmut           24%        N/A       4%          1
b - Ice Form              Ice/Tmut       7%         N/A       67%         4

Your spell library contained the following spells:

 Spells                   Type           Power      Damage    Failure   Level
 Wereblood                Tmut           12%        N/A       7%          2
 Passwall                 Tmut/Erth      5%         N/A       14%         2
 Spider Form              Tmut/Pois      3%         N/A       28%         3
 Sublimation of Blood     Necr           1%         N/A       30%         2
 Call Canine Familiar     Summ           2%         N/A       52%         3
 Portal Projectile        Hex/Tloc       4%         N/A       52%         3
 Swiftness                Air            2%         N/A       52%         3
 Leda's Liquefaction      Hex/Erth       1%         N/A       89%         4
 Invisibility             Hex            1%         N/A       100%        6
 Summon Hydra             Summ           1%         N/A       100%        7


Dungeon Overview and Level Annotations

Branches:
Dungeon (5/15)
 Temple: D:4-7

Altars:
Hepliaklqana
Nemelex Xobeh
The Shining One

Shops:
D:1 ?   D:4 *


Innate Abilities, Weirdness & Mutations

You have temporarily grown beastly horns and talons.
Your life essence is reduced to manifest your ancestor. (-10% HP)
Your plain brown scales are hard. (AC +6)
You cannot fit into any form of body armour.
You are cold-blooded and may be slowed by cold attacks.


Message History

Press: ? - help, Q - select action, (/) - cycle Shift-Dir - straight line, f - two-headed ogre
Aim: a two-headed ogre, wielding a +0 giant club and a +0 dire flail (73% to hit)
You throw a stone.
The stone hits the two-headed ogre but does no damage.
Throw: 182 stones
Press: ? - help, Q - select action, (/) - cycle Shift-Dir - straight line, f/p - two-headed ogre
Aim: a two-headed ogre, wielding a +0 giant club and a +0 dire flail (ally target, 73% to hit)
You throw a stone. Udjahorresnet avoids your attack.
The stone hits the two-headed ogre.
The two-headed ogre is lightly wounded.
The two-headed ogre hits Udjahorresnet with a +0 giant club!!
Udjahorresnet is destroyed!
Throw: 181 stones
Press: ? - help, Q - select action, (/) - cycle Shift-Dir - straight line, f/p - two-headed ogre
Aim: a two-headed ogre, wielding a +0 giant club and a +0 dire flail (73% to hit)
Okay, then.
Casting: Beastly Appendage (safe; 4% risk of failure)
Confirm with . or Enter, or press ? or * to list all spells.
You grow a pair of large bovine horns.
Your feet morph into talons.
You barely miss the two-headed ogre.
You headbutt the two-headed ogre, but do no damage.
You punch the two-headed ogre.
The two-headed ogre is lightly wounded.
The two-headed ogre hits you with a +0 giant club!
The two-headed ogre barely misses you.
You barely miss the two-headed ogre.
The two-headed ogre is lightly wounded.
The two-headed ogre hits you with a +0 giant club!!
* * * LOW HITPOINT WARNING * * *
The two-headed ogre closely misses you.
You hit the two-headed ogre but do no damage.
You claw the two-headed ogre. You headbutt the two-headed ogre.
The two-headed ogre is moderately wounded.
You barely miss the two-headed ogre. You headbutt the two-headed ogre.
You tail-slap the two-headed ogre.
The two-headed ogre is moderately wounded.
The two-headed ogre barely misses you.
The two-headed ogre hits you with a +0 dire flail!!
Ouch! That really hurt!
You die...

##..# ##..♣8♣..#.#
..######.♣..♣..♣..##
...###..♣8♣...♣8♣..##
......♣..♣..♣..♣.R♣.#
...#.♣8♣...♣8♣...♣8♣#
..##†.♣..♣..♣..♣..♣.#
..###...♣8♣...♣8♣...#
...##.♣..♣..♣..♣..♣.#
.....♣8♣...♣8♣.O@♣8♣#
......♣..♣..♣.(♣..♣.#
........♣8♣...♣8♣..##
..#......♣..♣$.♣ .##
####..#.... 8♣. .#
####.. .♣. ## ##....
####


You could see a two-headed ogre.

Vanquished Creatures
  2 scorpions (D:4)
  A centaur zombie (D:4)
  A hound (D:4)
  A gnoll (D:2)
  4 adders
  2 dart slugs
  4 orcs (D:3)
  9 endoplasms
  4 giant cockroaches
  7 goblins
  7 hobgoblins
  7 jackals
  12 ball pythons
  4 bats
  3 frilled lizards (D:1)
  8 kobolds
  6 rats
  A spectral hobgoblin (D:4)
83 creatures vanquished.

Vanquished Creatures (collateral kills)
  A centaur zombie (D:5)
  A hobgoblin (D:3)
2 creatures vanquished.

Vanquished Creatures (others)
  2 ancestors (D:4)
2 creatures vanquished.

Grand Total: 87 creatures vanquished

Notes
Turn   | Place    | Note
-------+----------+-------------------------------------------
     0 | D:1      | ZARRMARR the Draconian Transmuter began the quest for the
                  | Orb.
     0 | D:1      | Reached XP level 1. HP: 16/16 MP: 3/3
   309 | D:1      | Reached XP level 2. HP: 23/23 MP: 3/5
   460 | D:1      | Found Xotsiusk's Magic Scroll Shoppe.
   717 | D:1      | Found a faded altar of an unknown god.
  1333 | D:2      | Reached XP level 3. HP: 26/28 MP: 4/6
  2002 | D:3      | Reached skill level 1 in Throwing
  2076 | D:3      | Reached XP level 4. HP: 8/35 MP: 7/7
  2431 | D:4      | Found a hazy altar of Hepliaklqana.
  2446 | D:4      | Became a worshipper of Hepliaklqana the Forgotten
  2531 | D:4      | Reached skill level 4 in Unarmed Combat
  2782 | D:4      | Found Pavoduf's General Store.
  3088 | D:4      | Found a glowing golden altar of the Shining One.
  3170 | D:4      | Found a sparkling altar of Nemelex Xobeh.
  3189 | D:4      | Reached XP level 5. HP: 38/40 MP: 7/9
  3313 | D:4      | HP: 2/40 [scorpion (5)]
  3612 | D:3      | Learned a level 4 spell: Ice Form
  3949 | D:3      | Reached * piety under Hepliaklqana
  4330 | D:4      | Reached skill level 1 in Stealth
  4385 | D:4      | Reached XP level 6. HP: 24/42 MP: 10/10
  4540 | D:4      | Noticed a two-headed ogre
  4551 | D:4      | HP: 2/42 [two-headed ogre (9)]
  4940 | D:5      | Entered Level 5 of the Dungeon
  5093 | D:4      | Demolished by a two-headed ogre

Illustrated notes

Levels and vault maps discovered:
D:1:      beargit_arrival_diablo_church, layout_loops_ring, serial_shops,
          nicolae_diamond_shop, shapermc_ecumenical_altar_hornbeckon
D:2:      layout_rooms, minmay_surrounded
D:3:      layout_basic, corexii_item_surrounded_by_moat
D:4:      layout_cave_pools, lemuel_coloured_pillars_altar,
          nicolae_overflow_crystal_walls,
          nicolae_hepliaklqana_monster_ancestors, serial_shops,
          nicolae_shop_trees, st_stairs_3, kennysheep_doodads,
          corexii_item_surrounded_by_moat
D:5:      layout_rooms, lemuel_temple_firewalk_b, uniq_prince_ribbit1,
          uniq_sigmund

Skill      XL: |  1  2  3  4  5 |
---------------+----------------+-----
Dodging        | 2 |  2.4
Throwing       | 1 2 |  2.1
Unarmed Combat | 4 |  4.4
Spellcasting   | 3 |  3.3
Stealth        | 1 |  1.1
Transmutations | 3 |  3.4
Fighting       | |  1.4

Action                   |  1- 3 |  4- 6 || total
-------------------------+-------+-------++-------
Melee: Unarmed           |   109 |   142 ||   251
       Kick              |    15 |    37 ||    52
       Tailslap          |     8 |     9 ||    17
       Headbutt          |    11 |    22 ||    33
       Punch             |     1 |     2 ||     3
Throw: Stone             |    46 |    75 ||   121
       Throwing net      |       |     1 ||     1
 Cast: Beastly Appendage |    25 |    27 ||    52
       Ice Form          |       |     1 ||     1
  Use: Scroll            |     5 |     2 ||     7
       Potion            |       |     2 ||     2
 Stab: Distracted        |       |     1 ||     1
Armor: Skin              |    41 |    44 ||    85
Dodge: Dodged            |    53 |    86 ||   139
